 Dungeon Crawl Stone Soup version 0.27-a0-1334-g2746e35aca (webtiles) character file.

Game seed: 16712056374142760597

237686 hatdisgam the Acolyte (level 19, -3/168 HPs)
             Began as a Hill Orc Fighter on June 25, 2021.
             Was an Initiate of the Shining One.
             Slain by a yaktaur (6 damage)
             ... led by a vault warden
             ... on level 1 of the Vaults on June 26, 2021.
             The game lasted 01:21:29 (39654 turns).

hatdisgam the Acolyte (Hill Orc Fighter)           Turns: 39654, Time: 01:21:29

Health: -3/168     AC: 26    Str: 36    XL:     19   Next: 24%
Magic:  34/34      EV: 11    Int: 18    God:    the Shining One [......]
Gold:   963        SH: 15    Dex: 15    Spells: 18/18 levels left

rFire    + + .     SeeInvis .   f - +9 broad axe "Sicaaxu" {vorpal, rPois Str+4 Int+2 Dex+3}
rCold    + . .     Faith    .   z - +0 kite shield {AC+3}
rNeg     + . .     Spirit   .   R - +2 gold dragon scales
rPois    +         Reflect  .   d - +0 helmet {Int+3}
rElec    .         Harm     .   L - scarf {+Inv}
rCorr    +         Rampage  .   W - +1 pair of gloves {Str+3}
Will     +....                  (no boots)
Stlth    ..........             J - amulet "Omiq" {Regen+ Slay+2}
HPRegen  1.38/turn              c - ring of Eternal Night {Wiz rN+ Str+2 Dex+2}
MPRegen  0.24/turn              K - ring "Jifosack" {rPois rF+ rCorr Int+5 Stlth-}

@: glowing
A: no striking features
}: 2/15 runes: serpentine, barnacled
a: Renounce Religion, Evoke Invisibility


You were on level 1 of the Vaults.
You worshipped the Shining One.
The Shining One was noncommittal.
You visited 7 branches of the dungeon, and saw 33 of its levels.
You also visited: Ice Cave.

You collected 3600 gold pieces.
You spent 2637 gold pieces at shops.

Inventory:

Hand Weapons
 e - a +5 broad axe of draining
 f - the +9 broad axe "Sicaaxu" (weapon) {vorpal, rPois Str+4 Int+2 Dex+3}
   (You acquired it on level 2 of the Snake Pit)

   It inflicts extra damage upon your enemies.
   It affects your strength (+4).
   It affects your intelligence (+2).
   It affects your dexterity (+3).
   It protects you from poison.
 N - a +2 demon trident of freezing
Missiles
 t - a curare-tipped dart (quivered)
 A - 9 boomerangs of dispersal
 I - 3 throwing nets
Armour
 d - a +0 helmet of intelligence (worn)
 z - a +0 kite shield of protection (worn)
 L - a scarf of invisibility (worn)
 R - +2 gold dragon scales (worn)
 W - a +1 pair of gloves of strength (worn)
Jewellery
 c - the ring of Eternal Night (left hand) {Wiz rN+ Str+2 Dex+2}
   (You acquired it on level 2 of the Orcish Mines)

   [ring of wizardry]

   It improves your spell success rate.
   It affects your strength (+2).
   It affects your dexterity (+2).
   It protects you from negative energy.
 m - a ring of fire
 p - a ring of poison resistance
 s - a ring of positive energy
 u - the amulet "Jyjid" {Spirit Fly rN++ Int+6}
   (You found it on level 4 of the Snake Pit)

   [amulet of guardian spirit]

   It causes incoming damage to be divided between your reserves of health and
   magic.
   It affects your intelligence (+6).
   It greatly protects you from negative energy.
   It grants you flight.
 y - a ring of protection from fire
 J - the amulet "Omiq" (around neck) {Regen+ Slay+2}
   (You acquired it on level 7 of the Dungeon)

   [amulet of regeneration]

   It affects your accuracy and damage with ranged weapons and melee attacks
   (+2).
   It increases your rate of health regeneration.
 K - the ring "Jifosack" (right hand) {rPois rF+ rCorr Int+5 Stlth-}
   (You bought it in a shop on level 15 of the Dungeon)

   [ring of protection from fire]

   It affects your intelligence (+5).
   It protects you from fire.
   It protects you from poison.
   It protects you from acid and corrosion.
   It makes you less stealthy.
 T - an amulet of faith
Wands
 x - a wand of mindburst (47)
 B - a wand of acid (12)
 C - a wand of digging (9)
 G - a wand of paralysis (39)
 O - a wand of iceblast (37)
 P - a wand of flame (127)
 Y - a wand of charming (14)
Scrolls
 a - 2 scrolls of magic mapping
 h - 2 scrolls of fear
 i - 2 scrolls of immolation
 j - 10 scrolls of teleportation
 n - 2 scrolls of torment
 o - 3 scrolls of fog
 r - 4 scrolls of blinking
 E - 5 scrolls of summoning
 X - 3 scrolls of holy word
Potions
 g - a potion of berserk rage
 k - 17 potions of curing
 q - a potion of might
 w - 3 potions of heal wounds
 D - 5 potions of resistance
 F - 10 potions of haste
 H - 4 potions of flight
 M - 2 potions of mutation
 S - 2 potions of invisibility
 U - 2 potions of attraction
 V - 3 potions of cancellation
 Z - 2 potions of magic {unknown}
Miscellaneous
 b - a phantom mirror
 l - a box of beasts
 v - a condenser vane
 Q - a lightning rod (4/4)


   Skills:
 + Level 14.7 Fighting
 - Level 18.0 Axes
 + Level 10.8 Armour
 - Level 10.1 Dodging
 + Level 14.2 Shields
 * Level 23.9 Invocations
 - Level 4.1 Evocations


You had 18 spell levels left.
You didn't know any spells.
Your spell library contained the following spells:

 Spells                   Type           Power      Damage    Failure   Level
 Corona                   Hex            0%         N/A       77%         1
 Freeze                   Ice            0%         1d3       77%         1
 Sting                    Tmut/Pois      0%         1d3       77%         1
 Corpse Rot               Necr/Air       N/A        N/A       88%         2
 Ensorcelled Hibernation  Hex/Ice        0%         N/A       88%         2
 Passwall                 Tmut/Erth      0%         N/A       88%         2
 Poisonous Vapours        Pois/Air       0%         N/A       88%         2
 Sublimation of Blood     Necr           0%         N/A       88%         2
 Confusing Touch          Hex            0%         N/A       98%         3
 Dazzling Flash           Conj/Hex       0%         N/A       98%         3
 Frozen Ramparts          Ice            0%         1d2       98%         3
 Ignite Poison            Fire/Tmut/Pois 0%         N/A       98%         3
 Mephitic Cloud           Conj/Pois/Air  0%         N/A       98%         3
 Swiftness                Air            0%         N/A       98%         3
 Tukima's Dance           Hex            0%         N/A       98%         3
 Animate Armour           Summ/Erth      0%         N/A       100%        4
 Cause Fear               Hex            0%         N/A       100%        4
 Dispel Undead            Necr           0%         3d6       100%        4
 Hailstorm                Conj/Ice       0%         3d3       100%        4
 Ice Form                 Ice/Tmut       0%         N/A       100%        4
 Leda's Liquefaction      Hex/Erth       0%         N/A       100%        4
 Olgreb's Toxic Radiance  Pois           0%         N/A       100%        4
 Passage of Golubria      Tloc           N/A        N/A       100%        4
 Summon Ice Beast         Ice/Summ       0%         N/A       100%        4
 Agony                    Necr           0%         N/A       100%        5
 Bolt of Magma            Conj/Fire/Erth 0%         4d4       100%        5
 Excruciating Wounds      Necr           0%         N/A       100%        5
 Lee's Rapid Deconstruct  Erth           0%         3d5*      100%        5
 Summon Forest            Summ/Tloc      0%         N/A       100%        5
 Summon Mana Viper        Hex/Summ       0%         N/A       100%        5
 Invisibility             Hex            0%         N/A       100%        6
 Iron Shot                Conj/Erth      0%         9d1       100%        6
 Shadow Creatures         Summ           N/A        N/A       100%        6
 Statue Form              Tmut/Erth      0%         N/A       100%        6
 Ozocubu's Refrigeration  Ice            0%         4d5       100%        7
 Summon Hydra             Summ           0%         N/A       100%        7
 Shatter                  Erth           0%         3d5*      100%        9


Dungeon Overview and Level Annotations

Branches:
Dungeon (15/15)            Temple (1/1) D:6            Lair (6/6) D:11
 Shoals (4/4) Lair:2        Snake (4/4) Lair:3        Slime (0/5) Lair:5
    Orc (2/2) D:12            Elf (0/3) Orc:2        Vaults (1/5) D:13
 Depths (0/5) D:15          IceCv (visited)

Altars:
Ashenzari
Cheibriados
Dithmenos
Elyvilon
Fedhas
Gozag
Hepliaklqana
Kikubaaqudgha
Makhleb
Nemelex Xobeh
Okawaru
Qazlal
Ru
Sif Muna
Trog
Uskayaw
Vehumet
Wu Jian
Xom
Yredelemnul
Zin
The Shining One
Beogh
Jiyva

Shops:
D:7 ?   D:12 [   D:15 =   Orc:2 [:(*   Shoals:2 [   Shoals:4 *

Annotations:
D:4 1 runed translucent door, atabob's ghost, amateur GnAM
D:6 1 transporter, Phlounder's ghost, novice DjWn
D:11 exclusion: orange crystal statue


Message History

You block the orc knight's attack.
Unknown command.
You slice the vault warden!!
You kill the vault warden!
The runic seal fades away.
You barely miss the yaktaur. You hit the yaktaur. You slash the orc knight!
The yaktaur unwields a +0 arbalest.
The yaktaur barely misses you.
The orc knight roars a battlecry!
The orc knight goes into a battle-frenzy!
The yaktaur unwields a +0 arbalest.
The yaktaur hits you!
The orc knight hits you from afar with a +0 halberd!!
You slice the orc knight!!
The orc knight is severely wounded.
You hit the yaktaur. x2; You block the orc knight's attack.
The orc knight hits you but does no damage.
Unknown command.
You slash the orc knight!
The orc knight is almost dead.
You slash the yaktaur! x2
The yaktaur hits you but does no damage. x2
Unknown command.
You hit the orc knight.
The orc knight is almost dead.
You slice the yaktaur!!
You kill the yaktaur!
You slash the yaktaur!
You kill the yaktaur!
The orc knight hits you with a +0 war axe!!
* * * LOW HITPOINT WARNING * * *
The orc knight hits you from afar with a +0 halberd.
* * * LOW HITPOINT WARNING * * *
You hit the orc knight but do no damage.
The orc knight is almost dead.
You slice the yaktaur!! The orc knight misses you.
The orc knight hits you from afar with a +0 halberd!!
* * * LOW HITPOINT WARNING * * *
The yaktaur hits you with a staff of air!
* * * LOW HITPOINT WARNING * * *
You are electrocuted.
You die...

#.# #....## #.# #........#
#....## #.# #........#
#....'. #.# #........#
#....## #.# #........#
#....#. #.# #........#
#....#. #.# #....o...#
#....#. #.# #.....c).#
#....'. #.# #.....o@)#
#....#' #.##########+#######
#....#.
#.........................#.
#.........................#.
#.........................#.
#.........................#.
#................... .....#.
#..################# #....#.
#..# #....#.


You could see 2 orc knights and a yaktaur.

Vanquished Creatures
  2 krakens
  3 nagarajas
  A vault warden (Vaults:1)
  3 orc warlords
  2 frost giants
  A very ugly thing (D:14)
  An ironbound preserver (Vaults:1)
  A dire elephant (Vaults:1)
  2 merfolk impalers
  2 merfolk javelineers (Shoals:4)
  Fannar (D:12)
  9 naga warriors
  5 hydras
  A boulder beetle (D:15)
  An ironbound thunderhulk (Vaults:1)
  4 salamander tyrants
  An ironbound frostheart (Vaults:1)
  A catoblepas (Lair:6)
  5 centaur warriors
  An alligator snapping turtle (Shoals:4)
  2 two-headed ogres
  7 anacondas
  3 merfolk avatars
  6 merfolk aquamancers
  An alligator (Shoals:4)
  7 death yaks
  3 shock serpents
  2 ironbound beastmasters (Vaults:1)
  An orc high priest (Vaults:1)
  12 naga sharpshooters
  A skeletal warrior (D:15)
  Urug (D:12)
  4 salamander mystics
  5 sea snakes
  An ironbound convoker (Vaults:1)
  5 deep trolls (Vaults:1)
  4 naga ritualists
  2 lindwurms (Vaults:1)
  26 harpies
  5 orc knights
  2 mana vipers
  6 ugly things
  5 cyclopes
  3 deep elf pyromancers
  4 orc sorcerers
  6 fauns
  13 salamanders
  17 manticores
  7 merfolk sirens
  A guardian serpent (Snake:4)
  8 water nymphs
  21 naga magi
  2 elephants
  A torpor snail (Lair:4)
  16 black mambas
  An ice statue (IceCv)
  2 gargoyles
  An unseen horror (D:11)
  4 cane toads
  2 rime drakes
  A freezing wraith (D:14)
  5 komodo dragons
  2 tengu conjurers
  4 yaktaurs
  6 trolls
  11 merfolk
  2 wind drakes
  17 polar bears
  9 blink frogs
  10 snapping turtles
  2 raiju (D:14)
  4 slime creatures
  13 dream sheep
  A centaur simulacrum (D:15)
  A yak (shapeshifter) (D:14)
  3 wyverns
  54 yaks
  13 water elementals
  2 steam dragons
  3 fire elementals (D:13)
  14 vampire mosquitoes
  4 wargs
  32 nagas
  2 acid dragons
  A hell hound (D:13)
  A swamp drake (Lair:5)
  6 water moccasins
  10 orc warriors
  3 ice beasts
  3 sky beasts
  A hornet zombie (D:8)
  10 ogres
  22 centaurs
  39 wolves
  6 boggarts
  3 phantoms
  Blork the orc (D:4)
  2 kobold brigands
  8 bullfrogs
  2 wyvern zombies
  7 scorpions
  2 gnoll sergeants
  4 killer bees (D:10)
  5 wights (D:9)
  3 howler monkeys
  A bullfrog skeleton (D:5)
  A bullfrog zombie (D:5)
  2 hounds
  5 centaur zombies
  6 orc priests
  3 centaur skeletons
  2 iguanas (D:5)
  2 hell rats (Lair:3)
  9 orc wizards
  A hound zombie (D:5)
  A hound skeleton (D:5)
  3 howler monkey zombies
  21 gnolls
  7 adders
  A shadow imp (D:7)
  12 white imps
  2 ufetubi
  3 adder skeletons (D:4)
  A worm (D:4)
  2 dart slugs (D:3)
  31 orcs
  6 ball pythons
  3 bats
  4 endoplasms
  3 giant cockroaches
  6 goblins
  7 hobgoblins
  11 jackals
  14 kobolds
  A quokka (D:1)
  3 rats
  5 tentacles
800 creatures vanquished.

Vanquished Creatures (collateral kills)
  Mara (Shoals:4)
  Rupert (Lair:3)
  Jorgrun (D:12)
  Gastronok (Lair:2)
  Frances (D:13)
  A storm dragon (D:14)
  Ilsuiw (Shoals:4)
  Roxanne (Shoals:1)
  Azrael (D:13)
  2 slime creatures
  3 merfolk javelineers (Shoals:4)
  Snorg (Lair:6)
  2 merfolk impalers (Shoals:4)
  A fire dragon (D:15)
  A yaktaur captain (D:13)
  4 naga warriors
  6 hydras
  6 centaur warriors
  2 catoblepae (Lair:6)
  3 boulder beetles
  An anaconda (Snake:1)
  2 merfolk aquamancers (Shoals:4)
  6 two-headed ogres
  A satyr (Shoals:4)
  2 alligators (Shoals:4)
  10 death yaks
  3 naga sharpshooters (Snake:4)
  2 tengu warriors (D:14)
  2 fire crabs
  4 skeletal warriors (D:15)
  2 sea snakes
  4 naga ritualists
  3 orc knights (Orc:2)
  10 harpies
  4 salamanders
  2 cyclopes
  4 manticores
  2 mana vipers
  3 ugly things
  10 elephants
  A faun (Shoals:4)
  2 merfolk sirens
  9 black mambas
  7 naga magi
  2 water nymphs (Shoals:4)
  A gargoyle (D:12)
  2 torpor snails
  A rime drake (shapeshifter) (D:12)
  2 rime drakes
  9 komodo dragons
  An efreet (D:12)
  A troll (D:12)
  6 blink frogs
  7 merfolk
  3 dream sheep
  2 wind drakes
  4 raiju (D:14)
  A snapping turtle (Shoals:4)
  24 yaks
  A wyvern (Lair:1)
  A fire elemental (D:13)
  A water elemental (Shoals:3)
  4 basilisks
  3 vampire mosquitoes
  12 nagas
  2 acid dragons
  4 water moccasins
  A black bear (Lair:2)
  A swamp drake (Lair:5)
  3 orc warriors (Orc:2)
  An ogre (Orc:1)
  A boggart (D:15)
  13 wolves
  6 centaurs
  7 bullfrogs
  2 killer bees (D:10)
  2 lava snakes (D:11)
  3 orc priests
  6 orc wizards
  2 hell rats (Lair:3)
  A howler monkey zombie (D:9)
  A gnoll (D:12)
  2 white imps (D:13)
  14 orcs
296 creatures vanquished.

Vanquished Creatures (others)
  Nikola (Snake:4)
  2 orc warlords
  9 orc knights
  An orc high priest (Orc:2)
  A polar bear (IceCv)
  A troll (D:12)
  15 orc warriors
  A naga (Snake:4)
  15 orc priests
  A boggart (D:15)
  16 orc wizards
  49 orcs
  A dart slug (D:3)
  A hobgoblin (D:3)
  51 fungi
  167 plants
  7 tentacles
  7 withered plants
346 creatures vanquished.

Grand Total: 1442 creatures vanquished

Notes
Turn   | Place    | Note
-------+----------+-------------------------------------------
     0 | D:1      | hatdisgam the Hill Orc Fighter began the quest for the Orb.
     0 | D:1      | Reached XP level 1. HP: 19/19 MP: 1/1
   377 | D:1      | Reached XP level 2. HP: 27/27 MP: 2/2
  1139 | D:2      | Reached XP level 3. HP: 30/33 MP: 3/3
  1263 | D:2      | Reached skill level 1 in Dodging
  1612 | D:1      | Reached XP level 4. HP: 6/40 MP: 4/4
  2288 | D:2      | Reached skill level 5 in Axes
  2288 | D:2      | Reached XP level 5. HP: 41/47 MP: 5/5
  2850 | D:3      | Became a worshipper of Beogh the Brigand
  2887 | D:3      | Found a faded altar of an unknown god.
  3121 | D:3      | Reached skill level 1 in Invocations
  3147 | D:3      | Found an ancient bone altar of Kikubaaqudgha.
  3341 | D:4      | Noticed Blork the orc
  3348 | D:4      | Killed Blork the orc
  3349 | D:4      | Reached skill level 2 in Invocations
  3349 | D:4      | Reached XP level 6. HP: 16/55 MP: 5/7
  3350 | D:4      | Reached skill level 5 in Fighting
  3617 | D:4      | Found a runed translucent door.
  3617 | D:4      | Noticed atabob's ghost (amateur GnAM)
  3825 | D:4      | Reached * piety under Beogh
  3888 | D:4      | Reached skill level 3 in Invocations
  4015 | D:4      | Reached XP level 7. HP: 43/61 MP: 9/9
  4587 | D:5      | Entered Level 5 of the Dungeon
  4780 | D:5      | Reached skill level 4 in Invocations
  5065 | D:5      | Found a white marble altar of Elyvilon.
  5108 | D:5      | Reached skill level 5 in Invocations
  5197 | D:5      | Reached XP level 8. HP: 53/70 MP: 11/11
  5506 | D:5      | Reached skill level 6 in Invocations
  5954 | D:5      | Reached ** piety under Beogh
  6054 | D:5      | Reached skill level 7 in Invocations
  6539 | D:5      | Found a radiant altar of Vehumet.
  6566 | D:5      | Reached XP level 9. HP: 49/78 MP: 14/14
  7460 | D:6      | Reached skill level 8 in Invocations
  7635 | D:6      | Found a transporter.
  7747 | D:6      | Reached skill level 10 in Axes
  7823 | D:6      | Found a staircase to the Ecumenical Temple.
  7902 | D:6      | Reached *** piety under Beogh
  8044 | D:6      | Noticed Phlounder's ghost (novice DjWn)
  8225 | D:7      | Found an opulent altar of Gozag.
  8478 | D:7      | Found a stormy altar of Qazlal.
  8549 | D:7      | Reached skill level 9 in Invocations
  8722 | D:7      | Found Wirous's Magic Scroll Emporium.
  8978 | D:7      | Bought a scroll of teleportation for 36 gold pieces
  8978 | D:7      | Bought a scroll of acquirement for 624 gold pieces
  8978 | D:7      | Acquired the amulet "Omiq" {Regen+ Slay+2}
  9434 | D:8      | Reached XP level 10. HP: 76/84 MP: 17/17
  9499 | D:8      | Found a hide-covered altar of Uskayaw.
  9703 | D:8      | Reached skill level 5 in Armour
  9746 | D:8      | Noticed a centaur warrior
  9758 | D:8      | Killed a centaur warrior
  9759 | D:8      | Reached skill level 10 in Invocations
 10298 | D:9      | Noticed a two-headed ogre
 10307 | D:9      | Killed a two-headed ogre
 10588 | D:9      | Reached skill level 5 in Dodging
 10847 | D:10     | Entered Level 10 of the Dungeon
 10857 | D:10     | Found a sacrificial altar of Ru.
 10857 | D:10     | Found a blossoming altar of Fedhas.
 10863 | D:10     | Found a glowing silver altar of Zin.
 10865 | D:10     | Found a bloodstained altar of Trog.
 10867 | D:10     | Found a hazy altar of Hepliaklqana.
 10957 | D:10     | Reached skill level 11 in Invocations
 11107 | D:10     | Reached **** piety under Beogh
 11179 | D:10     | Reached XP level 11. HP: 72/91 MP: 19/19
 11215 | D:10     | Found a shadowy altar of Dithmenos.
 11613 | D:11     | Noticed a cyclops
 11622 | D:11     | Killed a cyclops
 11626 | D:11     | Reached skill level 1 in Evocations
 11632 | D:11     | Noticed an orange crystal statue
 11633 | D:11     | Noticed a phantasmal warrior
 11633 | D:11     | Noticed a death knight
 11938 | D:11     | Noticed a two-headed ogre
 12105 | D:11     | Reached skill level 12 in Invocations
 12219 | D:11     | Noticed a two-headed ogre
 12227 | D:11     | Gained Zartorak as an ally
 12234 | D:11     | Killed a two-headed ogre
 12467 | D:11     | Noticed a green ugly thing
 12473 | D:11     | Killed a green ugly thing
 12525 | D:11     | Found a staircase to the Lair.
 12560 | D:11     | Noticed a two-headed ogre
 12567 | D:11     | Killed a two-headed ogre
 12626 | Lair:1   | Entered Level 1 of the Lair of Beasts
 12794 | Lair:1   | Reached skill level 13 in Invocations
 13003 | Lair:1   | Reached XP level 12. HP: 82/97 MP: 21/21
 13480 | Lair:2   | Noticed a death yak
 13481 | Lair:2   | Noticed a death yak
 13482 | Lair:2   | Noticed a death yak
 13483 | Lair:2   | Noticed a death yak
 13483 | Lair:2   | Noticed a death yak
 13484 | Lair:2   | Noticed a death yak
 13801 | Lair:2   | Noticed a five-headed hydra
 13807 | Lair:2   | Killed a five-headed hydra
 13954 | Lair:2   | Reached ***** piety under Beogh
 13978 | Lair:2   | Identified the Guide on the Snowflakes
 14020 | Lair:2   | Found a staircase to the Shoals.
 14092 | Lair:2   | Killed a death yak
 14094 | Lair:2   | Killed a death yak
 14455 | Lair:2   | Noticed Gastronok
 14463 | Lair:2   | Killed Gastronok
 14464 | Lair:2   | Reached skill level 15 in Axes
 14464 | Lair:2   | Reached skill level 14 in Invocations
 14678 | Lair:3   | Killed a death yak
 14679 | Lair:3   | Reached skill level 5 in Shields
 14685 | Lair:3   | Gained Jorge as an ally
 14697 | Lair:3   | Noticed Rupert
 14705 | Lair:3   | Paralysed by Rupert for 2 turns
 14710 | Lair:3   | Paralysed by Rupert for 4 turns
 14710 | Lair:3   | Killed Rupert
 14804 | Lair:3   | Noticed a death yak
 14805 | Lair:3   | Noticed a death yak
 14806 | Lair:3   | Noticed a death yak
 14806 | Lair:3   | Noticed a death yak
 14807 | Lair:3   | Noticed a death yak
 14809 | Lair:3   | Killed a death yak
 14814 | Lair:3   | Killed a death yak
 14814 | Lair:3   | Killed a death yak
 14816 | Lair:3   | Killed a death yak
 14817 | Lair:3   | Reached XP level 13. HP: 61/107 MP: 24/24
 14818 | Lair:3   | Reached skill level 15 in Invocations
 15017 | Lair:3   | Found a staircase to the Snake Pit.
 15557 | Lair:4   | Gained Koronagh as an ally
 15766 | Lair:4   | Reached ****** piety under Beogh
 16413 | Lair:5   | Found a staircase to the Slime Pits.
 16413 | Lair:5   | Found a viscous altar of Jiyva.
 16543 | Lair:5   | Reached skill level 16 in Invocations
 17254 | Lair:6   | Entered Level 6 of the Lair of Beasts
 17406 | Lair:5   | Reached XP level 14. HP: 116/116 MP: 26/26
 17720 | Lair:6   | Noticed Snorg
 17725 | Lair:6   | Killed Snorg
 17821 | Lair:6   | Reached skill level 17 in Invocations
 19122 | D:12     | Noticed Fannar
 19131 | D:12     | Killed Fannar
 19157 | D:12     | Found a bloodstained altar of Trog.
 19477 | D:12     | Found Qiach's Antique Armour Shop.
 19762 | D:12     | Found a staircase to the Orcish Mines.
 19887 | D:12     | Noticed Urug
 19896 | D:12     | Killed Urug
 19897 | D:12     | Reached skill level 18 in Invocations
 19980 | D:12     | Noticed Jorgrun
 19995 | D:12     | Killed Jorgrun
 20142 | D:12     | Reached XP level 15. HP: 112/124 MP: 28/28
 20267 | Orc:1    | Entered Level 1 of the Orcish Mines
 20283 | Orc:1    | Gained Brandogh as an ally
 20443 | Orc:2    | Entered Level 2 of the Orcish Mines
 20596 | Orc:2    | Gained Zartorak as an ally
 20803 | Orc:2    | Found a roughly hewn altar of Beogh.
 20806 | Orc:2    | Noticed an orc warlord
 20816 | Orc:2    | Killed an orc warlord
 20901 | Orc:2    | Found Moellar's Book Emporium.
 20918 | Orc:2    | Found Jafergheps's General Store.
 21133 | Orc:2    | Found a staircase to the Elven Halls.
 21259 | Orc:2    | Found Piysk's Antique Armour Emporium.
 21283 | Orc:2    | Bought a runed kite shield for 225 gold pieces
 21313 | Orc:2    | Found Miket's Antique Weapon Emporium.
 21503 | Orc:2    | Bought a scroll of acquirement for 520 gold pieces
 21503 | Orc:2    | Bought a scroll of enchant armour for 75 gold pieces
 21504 | Orc:2    | Acquired the ring of Eternal Night {Wiz rN+ Str+2 Dex+2}
 21616 | D:13     | Found a frozen archway.
 21622 | D:13     | Gained Ognian as an ally
 21622 | D:13     | Your ally Ognian died
 21648 | IceCv    | Entered an ice cave
 22091 | IceCv    | Reached skill level 10 in Shields
 22159 | IceCv    | Noticed a frost giant
 22163 | IceCv    | Killed a frost giant
 22193 | IceCv    | Reached skill level 19 in Invocations
 22213 | IceCv    | Reached skill level 10 in Fighting
 22262 | IceCv    | Identified the Papyrus of the Enchanting Frostbite
 22751 | D:13     | Found a gate to the Vaults.
 22890 | D:13     | Noticed Frances
 22922 | D:13     | Your ally Jorge died
 22923 | D:13     | Killed Frances
 23001 | D:13     | Your ally Zartorak died
 23257 | D:13     | Noticed Azrael
 23268 | D:13     | Killed Azrael
 23319 | D:13     | Identified the +8 flail "Hizur" {pain, Int+4}
 24011 | D:14     | Gained Argrim as an ally
 24313 | D:14     | Noticed a storm dragon
 24320 | D:14     | Your ally Argrim died
 24324 | D:14     | Killed a storm dragon
 24415 | D:14     | Found the +8 arc blade {discharge, rElec}
 24529 | D:14     | Reached XP level 16. HP: 136/136 MP: 29/29
 25428 | D:15     | Entered Level 15 of the Dungeon
 25430 | D:15     | Found Uclasop's Jewellery Boutique.
 25434 | D:15     | Bought the ring "Jifosack" {rPois rF+ rCorr Int+5 Stlth-}
                  | for 967 gold pieces
 25484 | D:15     | Reached skill level 20 in Invocations
 26125 | D:15     | Found a staircase to the Depths.
 26510 | Snake:1  | Entered Level 1 of the Snake Pit
 26755 | Snake:1  | Your ally Koronagh died
 27143 | Snake:2  | Gained Thorok as an ally
 27143 | Snake:2  | Your ally Brandogh died
 27237 | Snake:2  | Your ally Thorok died
 27238 | Snake:2  | Your ally Zartorak died
 27716 | Snake:2  | Acquired the +9 broad axe "Sicaaxu" {vorpal, rPois Str+4
                  | Int+2 Dex+3}
 28306 | Snake:3  | Noticed a nagaraja
 28317 | Snake:3  | Killed a nagaraja
 28318 | Snake:3  | Reached skill level 21 in Invocations
 28519 | Snake:3  | Gained Murdo as an ally
 28582 | Snake:3  | Reached XP level 17. HP: 142/146 MP: 21/31
 28601 | Snake:3  | Your ally Murdo died
 28667 | Snake:4  | Entered Level 4 of the Snake Pit
 28674 | Snake:4  | Identified the amulet "Jyjid" {Spirit Fly rN++ Int+6}
 28707 | Snake:4  | Gained Boghold as an ally
 29033 | Snake:4  | Your ally Boghold died
 30971 | Snake:3  | HP: 7/148 [poisoned by nagaraja (concentrated venom)]
 31806 | Snake:4  | Noticed Nikola
 31826 | Snake:4  | Killed Nikola
 32174 | Snake:4  | Reached skill level 22 in Invocations
 32587 | Snake:4  | Got a serpentine rune of Zot
 32782 | D:11     | Upgraded the game from 0.27-a0-1332-g84bddb5ca7 to
                  | 0.27-a0-1334-g2746e35aca
 33039 | Shoals:1 | Entered Level 1 of the Shoals
 33068 | Shoals:1 | Reached skill level 10 in Dodging
 33287 | Shoals:1 | Noticed a kraken
 33294 | Shoals:1 | Killed a kraken
 33312 | Shoals:1 | Gained Syrus as an ally
 33397 | Shoals:1 | Your ally Syrus died
 33399 | Shoals:1 | Reached XP level 18. HP: 89/157 MP: 33/33
 33890 | Shoals:1 | Noticed Roxanne
 33907 | Shoals:1 | Killed Roxanne
 33920 | Shoals:1 | Found Zuxel's Magic Scroll Shoppe.
 34955 | Shoals:2 | Found Syqeenatt's Antique Armour Emporium.
 35608 | Shoals:3 | Gained Blodwig as an ally
 35952 | Shoals:3 | Reached skill level 23 in Invocations
 36764 | Shoals:4 | Entered Level 4 of the Shoals
 36868 | Shoals:4 | Found Heles's Humungous Hoard.
 36882 | Shoals:4 | Bought a potion of haste for 190 gold pieces
 37126 | Shoals:4 | Gained Ugrim as an ally
 37189 | Shoals:4 | Reached skill level 10 in Armour
 37472 | Shoals:4 | Gained Rocco as an ally
 37596 | Shoals:4 | Noticed Mara
 37599 | Shoals:4 | Noticed Ilsuiw
 37621 | Shoals:4 | Killed Ilsuiw
 38136 | Shoals:4 | Got a barnacled rune of Zot
 38207 | Shoals:4 | Killed Mara
 38208 | Shoals:4 | Reached XP level 19. HP: 79/168 MP: 32/34
 38774 | Temple   | Entered the Ecumenical Temple
 38850 | Temple   | Fell from the grace of Beogh
 38850 | Temple   | Became a worshipper of the Shining One
 39217 | Vaults:1 | Entered Level 1 of the Vaults
 39654 | Vaults:1 | HP: 3/168 [yaktaur[a vault warden] (10)]
 39654 | Vaults:1 | Slain by a yaktaur

Illustrated notes

Levels and vault maps discovered:
D:1:      lordsloth_arrival_two_stooges, layout_loops_ring
D:2:      layout_rooms
D:3:      layout_basic, kiku_gazebo_garden_becter,
          chequers_ecumenical_altar_simple_redux, chequers_serial_rivers_small_3
D:4:      layout_loops_ring, gammafunk_ghost_grave, uniq_blork_the_orc
D:5:      minmay_polygon_palace, layout_basic, overflow_temple_1_default,
          nicolae_overflow_crystal_walls
D:6:      layout_cave_pools, minmay_temple_entry_butterflies,
          gammafunk_ghost_stat_death
D:7:      layout_basic, nicolae_gozag_seed_capital,
          nicolae_qazlal_style_of_elements, serial_shops,
          nicolae_shop_competitors_out_of_business, nrook_campfire
D:8:      minmay_weird_star, layout_cave_pools, kennysheep_little_box
D:9:      layout_long_grid
D:10:     layout_long_grid, grunt_dithmenos_smoke,
          chequers_temple_overflow_minitemple, dk_vineyard_1,
          hangedman_decor_push
D:11:     layout_gridville, lair_entry_dummy, disabler_island
D:12:     minmay_bloctagon, layout_irregular_city, hiddenorc2_lemuel,
          serial_shops, nicolae_shop_temple_entry_statues_fountains,
          bloody_trog, uniq_fannar, uniq_jorgrun, uniq_urug
D:13:     layout_loops_corners, david_vaults_2, portal_ice_cave_entry_imps,
          uniq_azrael, uniq_frances
D:14:     minmay_shoctagon, layout_layer_cave, kennysheep_pointless_box
D:15:     grunt_enter_depths_hoard, layout_basic, serial_shops, shop
Temple:   compressed_dpeg_circular_temple
Lair:1:   layout_roguey, chequers_serial_rivers_small_b, minivault_26
Lair:2:   layout_hall_layers, minmay_shoals_entry_lonely_mermaid, minmay_holes,
          chequers_serial_rivers_micro_b, uniq_gastronok
Lair:3:   layout_roguey, guppyfry_snake_entry_garden, wad_woods_03,
          grunt_megastairs_1, uniq_rupert
Lair:4:   layout_loops_ring, hangedman_lair_unloving_vines,
          grunt_forest_large_clearings
Lair:5:   layout_concentric_octagons, slime_altar_1, minivault_25,
          guppyfry_lair_drakes
Lair:6:   evilmike_catoblepas_cave, layout_misc_corridors,
          chequers_serial_rivers_large_b, infiniplex_staircase_pool, uniq_snorg
Shoals:1: layout_shoals, serial_shops, shop_statue, uniq_roxanne
Shoals:2: layout_shoals, serial_shops, nicolae_shop_crystal
Shoals:3: layout_shoals
Shoals:4: shoals_end_grunt_ice, layout_shoals, shoals_ilsuiw_alternative,
          nicolae_alphabet_shops, nicolae_shoals_goliath_grotto, uniq_mara
Snake:1:  layout_concentric_octagons, lemuel_fruit_tree
Snake:2:  layout_concentric_octagons
Snake:3:  layout_concentric_octagons, nicolae_snake_slithery_corners
Snake:4:  snake_pit, layout_misc_corridors, uniq_nikola
Orc:1:    layout_caves
Orc:2:    grunt_orc_cross, layout_caves
Vaults:1: v_misc_16, v_rooms_6, vaults_room_door_hall,
          nicolae_vaults_little_squares_1, ontoclasm_vaults_spin,
          nicolae_vaults_three_branches, nicolae_vaults_theta, v_misc_32,
          vaults_room_semicircle, dpeg_vaults_monster_box,
          ontoclasm_vaults_loading_screen, vaults_room_pools, vaults_dpeg_ring,
          layout_vaults_omnigrid

Skill      XL: |  1  2  3  4  5  6  7  8  9 10 11 12 13 14 15 16 17 18 |
---------------+-------------------------------------------------------+-----
Axes           | 3 4 5 6 7 9 11 12 14 15 17 18 | 18.0
Fighting       | 4 5 6 8 9 10 12 13 14 | 14.7
Dodging        | 1 2 3 4 5 6 8 9 10 | 10.1
Invocations    | 2 3 5 7 9 11 13 14 16 18 19 21 22 23 | 23.9
Shields        | 4 5 7 9 10 11 13 14 | 14.2
Armour         | 4 6 7 8 10 | 10.8
Evocations     | 3 4 |  4.1

Action                   |  1- 3 |  4- 6 |  7- 9 | 10-12 | 13-15 | 16-18 | 19-21 || total
-------------------------+-------+-------+-------+-------+-------+-------+-------++-------
Melee: War axe           |    91 |   135 |   196 |       |       |       |       ||   422
       Broad axe         |       |       |   132 |   356 |   750 |  1101 |    88 ||  2427
       Trident           |       |       |       |     2 |    33 |       |       ||    35
Invok: Convert to Beogh  |       |     1 |       |       |       |       |       ||     1
       Recall Orcish Fol |       |       |       |     3 |     9 |    15 |       ||    27
       Smiting           |       |       |       |       |    18 |     7 |       ||    25
Evoke: Lightning rod     |       |       |       |       |       |     4 |       ||     4
       Wand              |       |       |       |       |       |     2 |       ||     2
       Phantom mirror    |       |       |       |       |       |     1 |       ||     1
  Use: Potion            |       |     1 |       |     2 |     1 |     3 |       ||     7
       Scroll            |       |       |     4 |    11 |    11 |    18 |       ||    44
 Stab: Distracted        |       |       |       |     7 |     8 |     7 |     1 ||    23
       Petrifying        |       |       |       |       |     1 |       |       ||     1
       Confused          |       |       |       |       |     1 |       |       ||     1
Armor: Scale mail        |    61 |    64 |       |       |       |       |       ||   125
       Chain mail        |       |     4 |   133 |   169 |       |       |       ||   306
       Gold dragon scale |       |       |       |    19 |   456 |   526 |    35 ||  1036
Dodge: Dodged            |    62 |    64 |   112 |   163 |   188 |   337 |    25 ||   951
Block: Buckler           |       |       |    61 |    71 |       |       |       ||   132
       Kite shield       |       |       |       |    34 |   536 |   828 |    50 ||  1448

Table legend: (Time is in decaauts)
 A = Elapsed time spent in this place.
 B = Non-inter-level travel time spent in this place.
 C = Inter-level travel time spent in this place.
 D = Time resting spent in this place.
 E = Time spent auto-exploring this place.
 F = Levels seen in this place.
 G = Mean time per level.
                   A        B        C        D        E       F      G
               +--------+--------+--------+--------+--------+-----+--------+
         Total |  39503 |  37104 |   2399 |   7030 |  23759 |  34 | 1161.9 |
       Dungeon |  18801 |  17340 |   1461 |   1685 |  13133 |  15 | 1253.4 |
        Temple |     93 |     77 |     16 |      0 |     60 |   1 |   93.0 |
          Lair |   6450 |   6058 |    392 |   1054 |   4001 |   6 | 1075.0 |
        Shoals |   5449 |   5253 |    196 |   1454 |   2893 |   4 | 1362.2 |
     Snake Pit |   6213 |   6000 |    213 |   2706 |   2077 |   4 | 1553.2 |
  Orcish Mines |   1261 |   1143 |    118 |    107 |    867 |   2 |  630.5 |
        Vaults |    253 |    253 |      0 |      0 |    164 |   1 |  253.0 |
      Ice Cave |    980 |    980 |      0 |     24 |    563 |   1 |  980.0 |
               +--------+--------+--------+--------+--------+-----+--------+

Top non-repeatable levels by time:
 Snake:3: 3319 daAuts
     D:5: 2587 daAuts
     D:1: 1767 daAuts
Shoals:4: 1603 daAuts
Shoals:3: 1555 daAuts
    D:13: 1531 daAuts
    D:14: 1455 daAuts
Shoals:1: 1450 daAuts
 Snake:4: 1332 daAuts
     D:4: 1305 daAuts
  Lair:5: 1301 daAuts
    D:12: 1286 daAuts
     D:7: 1267 daAuts
  Lair:1: 1210 daAuts
  Lair:6: 1168 daAuts
